 Dungeon Crawl Stone Soup version 0.24-a0-226-gca05e9d (webtiles) character file.

Game seed: 13963026747372786657

25 Inarius the Skirmisher (level 2, -2/24 HPs)
             Began as a Demonspawn Abyssal Knight on Mar 31, 2019.
             Was a Follower of Lugonu.
             Slain by a gnoll
             ... wielding a +0 halberd
              (8 damage)
             ... on level 1 of the Dungeon.
             The game lasted 00:02:24 (1079 turns).

Inarius the Skirmisher (Demonspawn Abyssal Knight)  Turns: 1079, Time: 00:02:25

Health: -2/24      AC:  3    Str: 12    XL:     2   Next: 82%
Magic:  4/4        EV: 13    Int: 13    God:    Lugonu [*.....]
Gold:   77         SH:  0    Dex: 12    Spells: 1/1 levels left

rFire    . . .     SeeInvis .   a - +1 hand axe
rCold    . . .     Gourm    .   (no shield)
rNeg     . . .     Faith    .   b - +0 leather armour
rPois    .         Spirit   .   (no helmet)
rElec    .         Reflect  .   (no cloak)
rCorr    .         Harm     .   (no gloves)
MR       .....                  (no boots)
Stlth    +.........             (no amulet)
HPRegen  0.08/turn              (no ring)
MPRegen  0.09/turn              (no ring)

@: no status effects
A: repulsion field 1
a: Depart the Abyss, Renounce Religion


You were on level 1 of the Dungeon.
You worshipped Lugonu.
Lugonu was aware of your devotion.
You were hungry.

You visited 1 branch of the dungeon, and saw 2 of its levels.
You visited the Abyss 1 time.

You collected 77 gold pieces.

Inventory:

Hand Weapons
 a - a +1 hand axe (weapon)
Armour
 b - a +0 leather armour (worn)
Scrolls
 f - a scroll of random uselessness {unknown}
 h - 2 scrolls of teleportation
 k - a scroll of noise {unknown}
Potions
 d - a potion of lignification {unknown}
 e - 3 potions of haste {unknown}
 g - a potion of brilliance {unknown}
 i - a potion of flight {unknown}
 j - a potion of might {unknown}
 l - a potion of curing {unknown}
Comestibles
 c - 5 rations


   Skills:
 + Level 3.6 Fighting
 * Level 2.0 Axes
 + Level 2.0 Armour
 - Level 1.0 Dodging
 * Level 2.7 Invocations


You had one spell level left.
You didn't know any spells.
Your spell library was empty.

Dungeon Overview and Level Annotations

Branches:
Dungeon (2/15)

Altars:


Innate Abilities, Weirdness & Mutations

You are surrounded by a mild repulsion field. (EV +2)


Message History

A gnoll comes into view.
The gnoll shouts!
You hear a bark!
A jackal comes into view.
The gnoll barely misses you.
You hear a bark!
You hear an angry hiss.
There is a stone staircase leading up here.
Unknown command.
Unknown command.
Unknown command.
Unknown command.
Unknown command.
Unknown command.
Unknown command.
Unknown command.
You hear a bark!
The gnoll barely misses you.
You climb upwards.
There is a stone staircase leading down here.
The gnoll hits you from afar with a +0 halberd!
You die...

........##..#..#.......#.#.#
........##..............)..#
...........................#
.......###.................##
.......####....#....#.......#####
########......).................#
#............#................#
########.##..#........##.##.#####
................@...........#
.........##......>.......##.#####
.........#.....##.g.#...........#
#........+.....##.#...#.#########
.........#.....##.......#
........................#
.......[..#........##.###
...................##.#
......................#


You could see a gnoll.

Vanquished Creatures
  A giant cockroach (D:1)
  A goblin (D:1)
  3 hobgoblins (D:1)
  5 jackals (D:1)
  5 bats (D:1)
  2 frilled lizards (D:1)
  4 kobolds (D:1)
  4 rats (D:1)
25 creatures vanquished.

Notes
Turn   | Place    | Note
-------+----------+-------------------------------------------
     0 | Abyss:1  | Inarius the Demonspawn Abyssal Knight began the quest for
                  | the Orb.
     0 | Abyss:1  | Reached XP level 1. HP: 18/18 MP: 2/2
    80 | Abyss:1  | Noticed an ancient zyme
   116 | Abyss:1  | Noticed an ancient zyme
   119 | D:1      | Escaped the Abyss
   224 | D:1      | Gained mutation: You are surrounded by a mild repulsion
                  | field. (EV +2) [demonic ancestry]
   224 | D:1      | Reached XP level 2. HP: 15/24 MP: 4/4
   225 | D:1      | Reached * piety under Lugonu
   810 | D:1      | Reached skill level 1 in Dodging
  1079 | D:1      | Slain by a gnoll

Levels and vault maps discovered:
D:1:      kennysheep_arrival_forest, layout_basic
D:2:      layout_loops_ring
Abyss:1:  evilmike_abyss_exit_plants

Skill      XL: |  1  2 |
---------------+-------+-----
Armour         | 2 |  2.0
Dodging        | 1 |  1.0
Axes           | 2 |  2.0
Fighting       | |  3.6
Invocations    | |  2.7

Action                   || total
-------------------------++-------
Melee: Hand axe          ||    65
Invok: Depart the Abyss  ||     1
  Use: Scroll            ||     4
Armor: Leather armour    ||    30
Dodge: Dodged            ||    66

Table legend:
 A = Non-vault XP
 B = Vault XP
 C = Vault XP percentage of total XP
 D = Non-vault monster count
 E = Vault monster count
 F = Vault count percentage of total count
                 A         B        C        D         E       F
            +---------+---------+-------+---------+---------+-------
      Total |      36 |       0 |   0.0 |      25 |       0 |   0.0
            +---------+---------+-------+---------+---------+-------
        D:1 |      36 |       0 |   0.0 |      25 |       0 |   0.0
            +---------+---------+-------+---------+---------+-------
